[Event "Lidkoping Open 2019"]
[Site "Lidkoping"]
[Date "2019.08.24"]
[Round "2.11"]
[White "Wiklund, Robert"]
[Black "Bergre, Joachim"]
[Result "1/2-1/2"]
[ECO "A57"]
[WhiteElo "1785"]
[BlackElo "1928"]
[Annotator "NA"]
[PlyCount "104"]
[EventDate "2019.08.19"]
[EventType "swiss"]
[EventCountry "SWE"]
[SourceTitle "playchess.com"]
[Source "ChessBase"]
[SourceQuality "1"]
[TimeControl "2700+10"]

1. e4 d6 2. d4 g6 3. c4 c5 4. d5 b5 5. cxb5 a6 6. Nc3 Bg7 7. Nf3 Nf6 8. Bd3 O-O 9. O-O Nbd7 10. Qe2 axb5 11. Bxb5 Ne8 12. Be3 Nc7 13. Bd3 Ba6 14. Nd2 Qb8 15. Nc4 Nb6 16. Nxb6 Qxb6 17. Rab1 Rfb8 18. Bxa6 Qxa6 19. Qxa6 Rxa6 20. f4 Nb5 21. e5 dxe5 22. fxe5 Bxe5 23. Bxc5 Bd4+ 24. Bxd4 Nxd4 25. Rf4 Nf5 26. a4 Rb3 27. Rc4 Kg7 28. Nb5 Ra5 29. Nd4 Nxd4 30. Rxd4 Ra6 31. Kf2 h5 32. Ke2 Kf6 33. Rf4+ Ke5 34. Rxf7 Kxd5 35. Rxe7 Rxa4 36. Rd1+ Kc5 37. Rd2 Rg4 38. g3 g5 39. Re3 Rxe3+ 40. Kxe3 h4 41. gxh4 Rxh4 42. Kd3 Kb4 43. Kc2 Rc4+ 44. Kb1 Rh4 45. Rg2 Rh5 46. Ka2 Ka4 47. Rg4+ Kb5 48. Ka3 Rh3+ 49. b3 Rxh2 50. Rxg5+ Kb6 51. Ka4 Rh4+ 52. b4 Rh6 1/2-1/2

[Event "Lidkoping Open 2019"]
[Site "Lidkoping"]
[Date "2019.08.24"]
[Round "2.12"]
[White "Carlstrom, Niklas"]
[Black "Muntean, Victor"]
[Result "1-0"]
[ECO "D00"]
[WhiteElo "2095"]
[BlackElo "2002"]
[Annotator "NA"]
[PlyCount "51"]
[EventDate "2019.08.19"]
[EventType "swiss"]
[EventCountry "SWE"]
[SourceTitle "playchess.com"]
[Source "ChessBase"]
[SourceQuality "1"]
[TimeControl "2700+10"]

1. d4 Nf6 2. Nc3 d5 3. Bf4 Bf5 4. e3 e6 5. f3 Nh5 6. Qd2 Nxf4 7. exf4 a6 8. O-O-O c5 9. g4 cxd4 10. Qxd4 Nc6 11. Qf2 Bg6 12. f5 exf5 13. Nxd5 Bd6 14. Qe3+ Ne7 15. Nb6 f4 16. Qb3 Rb8 17. Nc4 Nc8 18. Nxd6+ Nxd6 19. Qb4 Rc8 20. Rxd6 Rxc2+ 21. Kd1 Qe7 22. Rd4 Qe3 23. Ne2 a5 24. Qd6 Rc1+ 25. Nxc1 Qxf3+ 26. Ne2 1-0

[Event "Lidkoping Open 2019"]
[Site "Lidkoping"]
[Date "2019.08.24"]
[Round "2.13"]
[White "Blomstrom, Lars"]
[Black "Loken, Espen"]
[Result "1-0"]
[ECO "C15"]
[WhiteElo "2132"]
[BlackElo "1805"]
[Annotator "ChessBase"]
[PlyCount "106"]
[EventDate "2019.08.19"]
[EventType "swiss"]
[EventCountry "SWE"]
[SourceTitle "playchess.com"]
[Source "ChessBase"]
[SourceQuality "1"]
[TimeControl "2700+10"]

1. e4 e6 2. d4 d5 3. Nc3 Bb4 4. Nge2 dxe4 5. a3 Bxc3+ 6. Nxc3 Bd7 7. Nxe4 Bc6 8. Nc3 Nf6 9. Bf4 Nbd7 10. Qd3 O-O 11. O-O-O Nd5 12. Nxd5 exd5 13. Qg3 Rc8 14. Bd3 f5 15. Rde1 a6 16. Bg5 Nf6 17. Bxf5 Bd7 18. Bd3 c5 19. dxc5 Rxc5 20. Re2 Bb5 21. Rhe1 Bxd3 22. Qxd3 d4 23. Bh4 b5 24. Re7 Qd5 25. Bxf6 Rxf6 26. Qg3 Rf7 27. Re8+ Rf8 28. R1e7 Qg5+ 29. Qxg5 Rxg5 30. g3 Rgf5 31. f4 a5 32. Kd2 Rd5 33. Rxf8+ Kxf8 34. Re5 Rd6 35. Rxb5 Rh6 36. h4 Rg6 37. Rg5 Rb6 38. b3 a4 39. bxa4 Ra6 40. a5 h6 41. Rf5+ Ke7 42. h5 g6 43. Re5+ Kf6 44. g4 gxh5 45. Rxh5 Kg7 46. Kd3 Rd6 47. Rb5 Rg6 48. g5 h5 49. Rb6 h4 50. Rxg6+ Kxg6 51. Ke2 Kf5 52. Kf3 Ke6 53. a6 Kd5 {[%emt 0:21:18] Ke4+} 1-0

[Event "Lidkoping Open 2019"]
[Site "Lidkoping"]
[Date "2019.08.24"]
[Round "2.14"]
[White "Lunde, Sigmund"]
[Black "Johnson, Daniel"]
[Result "0-1"]
[ECO "D00"]
[WhiteElo "1806"]
[BlackElo "2201"]
[Annotator "NA"]
[PlyCount "106"]
[EventDate "2019.08.19"]
[EventType "swiss"]
[EventCountry "SWE"]
[SourceTitle "playchess.com"]
[Source "ChessBase"]
[SourceQuality "1"]
[TimeControl "2700+10"]

1. d4 d5 2. Bf4 Nf6 3. h3 c5 4. Nf3 Nc6 5. c3 Qb6 6. b3 Bf5 7. e3 h6 8. Bd3 Ne4 9. Ne5 e6 10. O-O Be7 11. f3 Nd6 12. Nxc6 Bxd3 13. dxc5 Qxc5 14. Qxd3 Qxc6 15. Nd2 O-O 16. Rac1 Rac8 17. Rfe1 Rfd8 18. Kh1 b5 19. Be5 a6 20. Qe2 Nf5 21. e4 Nh4 22. Bg3 Ng6 23. e5 Ba3 24. Rc2 d4 25. Qe4 dxc3 26. Nb1 Qxe4 27. Rxe4 Bb2 28. Re1 b4 29. Kg1 Ne7 30. Bh4 g5 31. Bf2 Rd7 32. Kf1 Nd5 33. g3 Ne7 34. Ke2 Rcd8 35. Bb6 Rb8 36. Be3 Nf5 37. Bf2 Rbd8 38. g4 Ne7 39. a3 a5 40. Bb6 Rb8 41. Bxa5 Nc6 42. Bxb4 Nd4+ 43. Kd1 Nxf3+ 44. Bd6 Nxe1 45. Kxe1 Rxb3 46. Ke2 Ba1 47. Rc1 Rdb7 48. Bb4 Bb2 49. Rc2 Bxa3 50. Bxa3 Rxb1 51. Rxc3 R1b3 52. Rc8+ Kh7 53. Bc1 Rxh3 0-1

[Event "Lidkoping Open 2019"]
[Site "Lidkoping"]
[Date "2019.08.24"]
[Round "2.15"]
[White "Svensson, Leif"]
[Black "Strom-Engdahl, Alexander"]
[Result "0-1"]
[ECO "C13"]
[WhiteElo "2027"]
[BlackElo "1858"]
[Annotator "NA"]
[PlyCount "112"]
[EventDate "2019.08.19"]
[EventType "swiss"]
[EventCountry "SWE"]
[SourceTitle "playchess.com"]
[Source "ChessBase"]
[SourceQuality "1"]
[TimeControl "2700+10"]

1. d4 Nf6 2. Nc3 e6 3. e4 d5 4. Bg5 dxe4 5. Nxe4 Be7 6. Bxf6 Bxf6 7. Nf3 O-O 8. Qd2 Nc6 9. c3 g6 10. Nxf6+ Qxf6 11. O-O-O Rd8 12. Bc4 Na5 13. Bd3 b6 14. Be4 Bb7 15. Bxb7 Nxb7 16. Ne5 c5 17. Ng4 Qe7 18. Qf4 h5 19. Ne5 Rac8 20. h4 cxd4 21. Rxd4 Rxd4 22. Qxd4 Rd8 23. Qf4 Nc5 24. Kc2 Qb7 25. Re1 Kg7 26. g4 hxg4 27. Nxg4 Qe7 28. Re3 Rd5 29. Ne5 Qf6 30. Qg3 Qf5+ 31. Nd3 Nxd3 32. Rxd3 Rxd3 33. Qxd3 Qxf2+ 34. Kb3 Qxh4 35. Qd7 a5 36. Qb5 Qf2 37. Qe5+ Qf6 38. Qb5 Qd8 39. Qe5+ Kg8 40. Kc2 Qc8 41. a4 Qc6 42. Qb8+ Kg7 43. Qe5+ f6 44. Qd4 e5 45. Qd8 Qxa4+ 46. Kd2 Qf4+ 47. Kc2 Qf5+ 48. Kd2 Qe6 49. Qc7+ Kh6 50. Qb8 f5 51. Qh8+ Kg5 52. Qh2 Qd5+ 53. Kc2 Qe4+ 54. Kb3 b5 55. Qg1+ Kh6 56. Qb6 Qa4# 0-1

[Event "Lidkoping Open 2019"]
[Site "Lidkoping"]
[Date "2019.08.24"]
[Round "2.16"]
[White "Platkovs, Daniils"]
[Black "Kleimark, Anders"]
[Result "0-1"]
[ECO "C55"]
[WhiteElo "1386"]
[BlackElo "2016"]
[Annotator "NA"]
[PlyCount "124"]
[EventDate "2019.08.19"]
[EventType "swiss"]
[EventCountry "SWE"]
[SourceTitle "playchess.com"]
[Source "ChessBase"]
[SourceQuality "1"]
[TimeControl "2700+10"]

1. e4 e5 2. Nf3 Nc6 3. Bc4 Nf6 4. d3 Be7 5. c3 O-O 6. O-O d5 7. exd5 Nxd5 8. Re1 Bg4 9. Nbd2 Nb6 10. Bb5 f6 11. Ne4 Nb8 12. Be3 a6 13. Bxb6 axb5 14. Be3 Qd5 15. h3 Be6 16. Qc2 Rxa2 17. c4 bxc4 18. Nc3 cxd3 19. Nxd5 dxc2 20. Nxe7+ Kf7 21. Rxa2 Bxa2 22. Nf5 Rd8 23. Bd2 Bd5 24. Bc1 Nc6 25. Ne3 Be4 26. b3 Nb4 27. Ba3 Nd3 28. Rf1 Nf4 29. Kh2 Rd3 30. Nxc2 Rxb3 31. Nd2 Bxc2 32. Nxb3 Bxb3 33. Rc1 Ne6 34. Rc3 Bd5 35. Rd3 c6 36. Rd2 b5 37. Rb2 Nf4 38. g3 Ne6 39. Kg1 Nd4 40. Kf1 Ke6 41. Ke1 Kd7 42. Kd2 Ne6 43. Ke3 Kc7 44. Rc2 Kb6 45. f4 exf4+ 46. gxf4 Bc4 47. f5 Nc7 48. Bf8 g6 49. Rf2 g5 50. Be7 Nd5+ 51. Kd4 Nxe7 52. Rf3 Nd5 53. Ra3 Bf1 54. Ke4 b4 55. Ra8 Kc5 56. Rh8 b3 57. Rb8 Bb5 58. Rxb5+ Kxb5 59. Kd3 Kb4 60. Kd2 Nc3 61. Kc1 Ka3 62. h4 gxh4 0-1

[Event "Lidkoping Open 2019"]
[Site "Lidkoping"]
[Date "2019.08.24"]
[Round "2.17"]
[White "Muntean, Felix"]
[Black "Mattsson, Michael"]
[Result "0-1"]
[ECO "C55"]
[WhiteElo "1389"]
[BlackElo "2011"]
[Annotator "NA"]
[PlyCount "106"]
[EventDate "2019.08.19"]
[EventType "swiss"]
[EventCountry "SWE"]
[SourceTitle "playchess.com"]
[Source "ChessBase"]
[SourceQuality "1"]
[TimeControl "2700+10"]

1. e4 e5 2. Nf3 Nc6 3. Bc4 Nf6 4. d3 Be7 5. Nc3 O-O 6. Be3 d6 7. Nd5 Nxd5 8. Bxd5 Be6 9. Bb3 Bxb3 10. axb3 f5 11. exf5 Rxf5 12. d4 e4 13. Nd2 d5 14. Qg4 Qd7 15. O-O Nb4 16. c3 Nc2 17. Bh6 Bf6 18. Rac1 Kh8 19. Bf4 e3 20. Rxc2 exd2 21. Rxd2 h5 22. Qh3 Rd8 23. Bxc7 Re8 24. Rdd1 Re4 25. Bg3 g6 26. Rfe1 Qb5 27. f3 Re2 28. Be5 Bxe5 29. dxe5 Rfxe5 30. Qh4 Qxb3 31. Qf6+ Kh7 32. Qf7+ Kh6 33. Qf8+ Kh7 34. Qf7+ Kh6 35. h4 Qb6+ 36. Kh2 Qe6 37. Qxe6 Rxe6 38. Rxe2 Rxe2 39. Rxd5 Rxb2 40. Rd7 a5 41. Rd4 b5 42. c4 b4 43. c5 Rc2 44. Rd5 b3 45. c6 b2 46. Rb5 a4 47. Rxb2 Rxb2 48. c7 Rc2 49. Kh3 Rxc7 50. g4 hxg4+ 51. fxg4 Rc3+ 52. Kg2 g5 53. h5 a3 0-1

[Event "Lidkoping Open 2019"]
[Site "Lidkoping"]
[Date "2019.08.24"]
[Round "2.18"]
[White "Nygren, Kim"]
[Black "Isacsson, Jorgen"]
[Result "1/2-1/2"]
[ECO "B06"]
[WhiteElo "2171"]
[BlackElo "1731"]
[Annotator "NA"]
[PlyCount "35"]
[EventDate "2019.08.19"]
[EventType "swiss"]
[EventCountry "SWE"]
[SourceTitle "playchess.com"]
[Source "ChessBase"]
[SourceQuality "1"]
[TimeControl "2700+10"]

1. e4 d6 2. d4 g6 3. Nc3 Bg7 4. f4 a6 5. Bc4 b5 6. Bb3 Bb7 7. Nf3 e6 8. f5 d5 9. fxe6 fxe6 10. Ng5 dxe4 11. Nxe6 Qe7 12. O-O Nf6 13. Bg5 Rf8 14. Nxf8 Qxf8 15. Nd5 Bxd5 16. Bxd5 Nxd5 17. Rxf8+ Kxf8 18. Qg4 1/2-1/2

[Event "Lidkoping Open 2019"]
[Site "Lidkoping"]
[Date "2019.08.24"]
[Round "2.19"]
[White "Nordlund, Jim"]
[Black "Alfven, Jorgen"]
[Result "1-0"]
[ECO "B20"]
[WhiteElo "2130"]
[BlackElo "1871"]
[Annotator "NA"]
[PlyCount "103"]
[EventDate "2019.08.19"]
[EventType "swiss"]
[EventCountry "SWE"]
[SourceTitle "playchess.com"]
[Source "ChessBase"]
[SourceQuality "1"]
[TimeControl "2700+10"]

1. e4 c5 2. d3 Nc6 3. Be2 d6 4. f4 e6 5. Nf3 g6 6. O-O Bg7 7. c3 Nge7 8. Be3 f5 9. Nbd2 O-O 10. Qb3 Na5 11. Qc2 Bd7 12. Rad1 Rc8 13. Nc4 Qc7 14. g3 b5 15. Ncd2 h6 16. h4 Nac6 17. Rc1 a6 18. h5 Be8 19. hxg6 Bxg6 20. Nh4 Bh7 21. Bf3 Ng6 22. Nxg6 Bxg6 23. Qd1 Ne7 24. Qe2 d5 25. e5 Qd7 26. Qf2 c4 27. Bc5 cxd3 28. Nb3 Rf7 29. Rfd1 Nc6 30. Rxd3 Qb7 31. Bd6 Qa7 32. Nc5 Nd8 33. b4 Bf8 34. Bxf8 Kxf8 35. Kf1 Kg7 36. Ra1 a5 37. Qe3 Re7 38. Ke2 Kh7 39. Rdd1 Nf7 40. a3 Rc6 41. Rh1 Qc7 42. Rh2 Kg7 43. Rah1 Qa7 44. Kd3 Qc7 45. Bh5 Qa7 46. Bxg6 Kxg6 47. g4 fxg4 48. f5+ exf5 49. Rxh6+ Kg7 50. e6 Rxc5 51. Qd4+ Kg8 52. Rh8+ 1-0

[Event "Lidkoping Open 2019"]
[Site "Lidkoping"]
[Date "2019.08.24"]
[Round "2.21"]
[White "Mottang, Harald"]
[Black "Nordstrom, Felix"]
[Result "0-1"]
[ECO "A07"]
[WhiteElo "1559"]
[BlackElo "2060"]
[Annotator "NA"]
[PlyCount "92"]
[EventDate "2019.08.19"]
[EventType "swiss"]
[EventCountry "SWE"]
[SourceTitle "playchess.com"]
[Source "ChessBase"]
[SourceQuality "1"]
[TimeControl "2700+10"]

1. Nf3 d5 2. c4 d4 3. g3 Nc6 4. Bg2 e5 5. d3 Nf6 6. a3 a5 7. O-O Be7 8. Bg5 h6 9. Bxf6 Bxf6 10. Nbd2 O-O 11. Ne4 Be7 12. Rb1 a4 13. Qc2 f5 14. Ned2 Bd7 15. e4 dxe3 16. fxe3 Bc5 17. Rbe1 Qf6 18. Kh1 Kh8 19. Ng1 Qd6 20. Bd5 Nd8 21. Bg2 Qb6 22. e4 f4 23. Ngf3 Qd6 24. Nb1 g5 25. Qc3 Nc6 26. gxf4 gxf4 27. Nh4 Nd4 28. Nd2 Rg8 29. Nf5 Nxf5 30. exf5 Bd4 31. Qb4 Bxf5 32. Qxd6 cxd6 33. Ne4 Bxb2 34. Rb1 Bxa3 35. Rxb7 Rg7 36. Rfb1 Ra6 37. Rb8+ Kh7 38. Nf6+ Kg6 39. Nd5 Bc5 40. Nc3 Bxd3 41. Be4+ Bxe4+ 42. Nxe4 Bd4 43. Rf8 a3 44. Rf6+ Kh7 45. Rf8 a2 46. Nf6+ Kg6 0-1

[Event "Lidkoping Open 2019"]
[Site "Lidkoping"]
[Date "2019.08.24"]
[Round "2.22"]
[White "Olsson, Bo"]
[Black "Olsson, Stefan"]
[Result "1-0"]
[ECO "E60"]
[WhiteElo "1984"]
[BlackElo "1860"]
[Annotator "NA"]
[PlyCount "50"]
[EventDate "2019.08.19"]
[EventType "swiss"]
[EventCountry "SWE"]
[SourceTitle "playchess.com"]
[Source "ChessBase"]
[SourceQuality "1"]
[TimeControl "2700+10"]

1. Nf3 Nf6 2. c4 g6 3. b3 Bg7 4. Bb2 d6 5. d4 O-O 6. g3 c5 7. Bg2 Na6 8. O-O Rb8 9. Nc3 Nc7 10. dxc5 dxc5 11. Qc1 Bf5 12. Nh4 Bd7 13. Rd1 Qe8 14. h3 Qc8 15. Kh2 a6 16. e4 Bc6 17. Nd5 Bxd5 18. cxd5 Nd7 19. Bxg7 Kxg7 20. Qe3 e5 21. dxe6 Nxe6 22. f4 Re8 23. Nf3 b5 24. Rac1 Kg8 25. e5 Qc7 1-0

[Event "Lidkoping Open 2019"]
[Site "Lidkoping"]
[Date "2019.08.24"]
[Round "2.23"]
[White "Dyrnes, Jussi"]
[Black "Svedberg, Hans"]
[Result "1-0"]
[ECO "A48"]
[WhiteElo "1779"]
[BlackElo "2008"]
[Annotator "NA"]
[PlyCount "85"]
[EventDate "2019.08.19"]
[EventType "swiss"]
[EventCountry "SWE"]
[SourceTitle "playchess.com"]
[Source "ChessBase"]
[SourceQuality "1"]
[TimeControl "2700+10"]

1. d4 Nf6 2. Bf4 g6 3. Nf3 Bg7 4. e3 d6 5. Bd3 c5 6. Nbd2 cxd4 7. exd4 Nd5 8. Bg5 h6 9. Bh4 Nc6 10. c3 Nf4 11. Bf1 O-O 12. h3 Qc7 13. Bg3 Nh5 14. Bh2 e5 15. d5 Ne7 16. c4 Nf4 17. Qb3 b5 18. Bxf4 exf4 19. Bd3 bxc4 20. Qxc4 Qxc4 21. Nxc4 Ba6 22. Rd1 Bxc4 23. Bxc4 Bxb2 24. Ke2 a5 25. Rb1 Rab8 26. Bb3 Ba3 27. Rhd1 Nf5 28. Ba4 Bc5 29. Nd2 Rb4 30. Rxb4 axb4 31. Ne4 Ra8 32. Bb3 Nd4+ 33. Kd3 Nxb3 34. axb3 Ra2 35. Nxc5 dxc5 36. Kc4 Rc2+ 37. Kb5 Kf8 38. Re1 Rc3 39. d6 Kg7 40. d7 Rd3 41. Kc6 c4 42. bxc4 b3 43. Kc7 1-0

[Event "Lidkoping Open 2019"]
[Site "Lidkoping"]
[Date "2019.08.24"]
[Round "3.1"]
[White "Bellon Lopez, Juan Manuel"]
[Black "Ask, Josef"]
[Result "0-1"]
[ECO "A48"]
[WhiteElo "2335"]
[BlackElo "2136"]
[Annotator "NA"]
[PlyCount "130"]
[EventDate "2019.08.19"]
[EventType "swiss"]
[EventCountry "SWE"]
[SourceTitle "playchess.com"]
[Source "ChessBase"]
[SourceQuality "1"]
[TimeControl "2700+10"]

1. Nf3 Nf6 2. d4 g6 3. Bf4 Bg7 4. e3 d6 5. h3 O-O 6. Be2 Ne4 7. Nbd2 Nxd2 8. Qxd2 Nd7 9. O-O e5 10. Bh2 Qe7 11. c4 f5 12. c5 g5 13. cxd6 cxd6 14. Qb4 a5 15. Qa3 f4 16. dxe5 Nxe5 17. exf4 gxf4 18. Rad1 Nxf3+ 19. Bxf3 Be5 20. Rfe1 Ra6 21. Bg4 Bxg4 22. hxg4 Qg7 23. Qf3 Rb6 24. b3 Kh8 25. Re4 Rb4 26. Rxb4 axb4 27. Rc1 b5 28. Qe2 Ra8 29. Qxb5 Qxg4 30. Qxb4 Rg8 31. Qe4 h5 32. Kf1 h4 33. Qf3 Qxf3 34. gxf3 h3 35. Ke2 Ra8 36. a4 Rb8 37. Rb1 Rb4 38. a5 Kg7 39. Kd3 Kf6 40. a6 Rb6 41. Ke4 d5+ 42. Kxd5 Rxa6 43. Rh1 Rd6+ 44. Kc5 Rd3 45. Bxf4 Bxf4 46. Rxh3 Rxb3 47. Kd5 Kf5 48. Kd4 Rb2 49. Rh7 Rd2+ 50. Kc3 Rxf2 51. Rf7+ Ke5 52. Kd3 Rxf3+ 53. Ke2 Ra3 54. Kf2 Ke4 55. Re7+ Be5 56. Ke1 Ra2 57. Kd1 Kd3 58. Ke1 Bd4 59. Kf1 Rf2+ 60. Ke1 Rg2 61. Kd1 Rh2 62. Re8 Ra2 63. Rc8 Ra7 64. Rc6 Be5 65. Ke1 Rf7 0-1

[Event "Lidkoping Open 2019"]
[Site "Lidkoping"]
[Date "2019.08.24"]
[Round "3.2"]
[White "Johnson, Daniel"]
[Black "Winsnes, Rikard"]
[Result "1/2-1/2"]
[ECO "D87"]
[WhiteElo "2201"]
[BlackElo "2375"]
[Annotator "NA"]
[PlyCount "112"]
[EventDate "2019.08.19"]
[EventType "swiss"]
[EventCountry "SWE"]
[SourceTitle "playchess.com"]
[Source "ChessBase"]
[SourceQuality "1"]
[TimeControl "2700+10"]

1. d4 Nf6 2. c4 g6 3. Nc3 d5 4. cxd5 Nxd5 5. e4 Nxc3 6. bxc3 Bg7 7. Bc4 c5 8. Ne2 Nc6 9. Be3 O-O 10. O-O Na5 11. Bd3 b6 12. Qd2 e5 13. dxc5 Be6 14. cxb6 Nc4 15. Bxc4 Qxd2 16. Bxd2 Bxc4 17. Rfe1 axb6 18. a4 Ra6 19. Be3 Rfa8 20. Rab1 Rxa4 21. Bxb6 Bd3 22. Rbd1 Bxe4 23. Rd8+ Rxd8 24. Bxd8 h5 25. h3 Bd3 26. Nc1 Bc2 27. Be7 f5 28. Bb4 Kf7 29. Ne2 Bd3 30. Nc1 Bc4 31. Ne2 Ra2 32. Ng3 Bf6 33. Nf1 f4 34. Rd1 Ke6 35. g4 Ra6 36. Nd2 Be2 37. Re1 f3 38. Ne4 Be7 39. Bxe7 Kxe7 40. gxh5 gxh5 41. Ng3 Ra2 42. Nxh5 Ke6 43. Ng3 Rc2 44. h4 Ba6 45. Re3 Bb7 46. Ne4 Bxe4 47. Rxe4 Rxc3 48. Kh2 Kf5 49. Ra4 Rc5 50. Kg3 e4 51. Ra8 Kg6 52. Kf4 Rc2 53. Kxe4 Rxf2 54. Rf8 Kh5 55. Rxf3 Rxf3 56. Kxf3 Kxh4 1/2-1/2

[Event "Lidkoping Open 2019"]
[Site "Lidkoping"]
[Date "2019.08.24"]
[Round "3.3"]
[White "Ernst, Thomas"]
[Black "Carlstrom, Niklas"]
[Result "1-0"]
[ECO "B07"]
[WhiteElo "2329"]
[BlackElo "2095"]
[Annotator "NA"]
[PlyCount "61"]
[EventDate "2019.08.19"]
[EventType "swiss"]
[EventCountry "SWE"]
[SourceTitle "playchess.com"]
[Source "ChessBase"]
[SourceQuality "1"]
[TimeControl "2700+10"]

1. e4 d6 2. d4 Nf6 3. Nc3 e5 4. dxe5 dxe5 5. Qxd8+ Kxd8 6. Bg5 Be6 7. O-O-O+ Nbd7 8. f4 exf4 9. Nge2 c6 10. Bxf4 Bc5 11. Nd4 Bg4 12. Rd2 Re8 13. e5 Nh5 14. g3 f6 15. h3 fxe5 16. Bg5+ Kc8 17. hxg4 exd4 18. gxh5 dxc3 19. bxc3 Be3 20. Bxe3 Rxe3 21. Bh3 Rxg3 22. Bxd7+ Kc7 23. Bf5 g6 24. hxg6 hxg6 25. Rd7+ Kb6 26. Bd3 Re8 27. Rhh7 Rg1+ 28. Kb2 Ree1 29. Rxb7+ Kc5 30. Rxa7 Rb1+ 31. Ka3 1-0

[Event "Lidkoping Open 2019"]
[Site "Lidkoping"]
[Date "2019.08.24"]
[Round "3.4"]
[White "Kleimark, Anders"]
[Black "Svensson, Bengt"]
[Result "0-1"]
[ECO "D26"]
[WhiteElo "2016"]
[BlackElo "2310"]
[Annotator "NA"]
[PlyCount "43"]
[EventDate "2019.08.19"]
[EventType "swiss"]
[EventCountry "SWE"]
[SourceTitle "playchess.com"]
[Source "ChessBase"]
[SourceQuality "1"]
[TimeControl "2700+10"]

1. d4 d5 2. c4 dxc4 3. Nf3 Nf6 4. e3 e6 5. Bxc4 c5 6. Qe2 cxd4 7. O-O Nc6 8. Rd1 Be7 9. exd4 O-O 10. Nc3 Na5 11. Bd3 b6 12. Bg5 Bb7 13. Bc2 Rc8 14. Qd3 g6 15. Ne5 Nd5 16. Bxe7 Qxe7 17. Nxd5 Bxd5 18. Ba4 Rc7 19. Qg3 Rfc8 20. Ng4 h5 21. Ne5 Kg7 22. Bb5 0-1

[Event "Lidkoping Open 2019"]
[Site "Lidkoping"]
[Date "2019.08.24"]
[Round "3.5"]
[White "Andersson, Fredrik"]
[Black "Blomstrom, Lars"]
[Result "1/2-1/2"]
[ECO "D46"]
[WhiteElo "2264"]
[BlackElo "2132"]
[Annotator "NA"]
[PlyCount "73"]
[EventDate "2019.08.19"]
[EventType "swiss"]
[EventCountry "SWE"]
[SourceTitle "playchess.com"]
[Source "ChessBase"]
[SourceQuality "1"]
[TimeControl "2700+10"]

1. d4 Nf6 2. c4 e6 3. Nf3 d5 4. Nc3 c6 5. e3 Bd6 6. Bd3 Nbd7 7. O-O O-O 8. e4 dxc4 9. Bxc4 e5 10. Bg5 h6 11. Bh4 Qe7 12. d5 Rd8 13. Qe2 Nf8 14. h3 Ng6 15. Bg3 Nh5 16. dxc6 bxc6 17. Rfd1 Nhf4 18. Qe3 Be6 19. Bxe6 Nxe6 20. Na4 Ngf4 21. Rac1 Rac8 22. Rd2 Bb8 23. Rcd1 Rxd2 24. Rxd2 Rd8 25. Rxd8+ Qxd8 26. Qd2 Qxd2 27. Nxd2 Ne2+ 28. Kf1 Nxg3+ 29. fxg3 Kf8 30. Ke2 Ke7 31. Kd3 Nd4 32. Nc4 f6 33. Nc5 h5 34. Nb3 Nxb3 35. axb3 Bd6 36. Ne3 g6 37. g4 1/2-1/2

[Event "Lidkoping Open 2019"]
[Site "Lidkoping"]
[Date "2019.08.24"]
[Round "3.6"]
[White "Mattsson, Michael"]
[Black "Madebrink, Lars"]
[Result "1/2-1/2"]
[ECO "C48"]
[WhiteElo "2011"]
[BlackElo "2147"]
[Annotator "NA"]
[PlyCount "82"]
[EventDate "2019.08.19"]
[EventType "swiss"]
[EventCountry "SWE"]
[SourceTitle "playchess.com"]
[Source "ChessBase"]
[SourceQuality "1"]
[TimeControl "2700+10"]

1. e4 e5 2. Nf3 Nc6 3. Bb5 Nf6 4. Nc3 Bc5 5. O-O d6 6. d4 exd4 7. Nxd4 Bd7 8. Nxc6 bxc6 9. Bc4 h6 10. Bf4 Ng4 11. Na4 Bb6 12. h3 Ne5 13. Bb3 Qf6 14. Nxb6 axb6 15. Be3 g5 16. f4 gxf4 17. Bxf4 O-O-O 18. Qh5 Ng6 19. Bg3 Qxb2 20. Bxf7 Ne5 21. Bb3 Kb7 22. Kh2 Qc3 23. Rad1 Be8 24. Bxe5 dxe5 25. Qf5 Rd6 26. Rxd6 cxd6 27. Rd1 Qc5 28. Qe6 Kc7 29. Qe7+ Bd7 30. Qg7 Re8 31. Qxh6 Re7 32. Qf6 Rh7 33. Bg8 Rh5 34. Bf7 Rh7 35. Bg6 Rh6 36. Qg7 Rxh3+ 37. gxh3 Qf2+ 38. Kh1 Qf3+ 39. Kh2 Qf2+ 40. Kh1 Qf3+ 41. Kh2 Qxh3+ 1/2-1/2

[Event "Lidkoping Open 2019"]
[Site "Lidkoping"]
[Date "2019.08.24"]
[Round "3.7"]
[White "Strom-Engdahl, Alexander"]
[Black "Blomqvist, Erik"]
[Result "0-1"]
[ECO "D77"]
[WhiteElo "1858"]
[BlackElo "2507"]
[Annotator "ChessBase"]
[PlyCount "84"]
[EventDate "2019.08.19"]
[EventType "swiss"]
[EventCountry "SWE"]
[SourceTitle "playchess.com"]
[Source "ChessBase"]
[SourceQuality "1"]
[TimeControl "2700+10"]

1. c4 e6 2. g3 d5 3. Bg2 g6 4. Nf3 Bg7 5. O-O Nf6 6. d4 O-O 7. Nc3 Nbd7 8. Bf4 dxc4 9. e4 b6 10. Qe2 Bb7 11. Rad1 Qc8 12. Rfe1 c5 13. d5 exd5 14. exd5 Re8 15. Qxc4 Rxe1+ 16. Rxe1 a6 17. Ne5 b5 18. Qd3 c4 19. Qd2 Nc5 20. Nc6 Qf8 21. d6 Kh8 22. Be5 Nd3 23. Re2 Bxc6 24. Bxc6 Rd8 25. Bxf6 Bxf6 26. d7 Qd6 27. Re8+ Kg7 28. Rxd8 Bxd8 29. Bb7 Bb6 30. Ne4 Qxd7 31. Bxa6 Qd5 32. Nc3 Qa8 33. Bxb5 Bxf2+ 34. Kf1 Qh1+ 35. Ke2 Be1 36. Qe3 Qg2+ 37. Kd1 Bxc3 38. bxc3 Qh1+ 39. Ke2 Qxh2+ 40. Kf3 Qh5+ 41. Kg2 Qxb5 42. Qd4+ Ne5 0-1

[Event "Lidkoping Open 2019"]
[Site "Lidkoping"]
[Date "2019.08.24"]
[Round "3.8"]
[White "Nordstrom, Per-Olov"]
[Black "Nygren, Kim"]
[Result "1/2-1/2"]
[ECO "B01"]
[WhiteElo "1899"]
[BlackElo "2171"]
[Annotator "NA"]
[PlyCount "34"]
[EventDate "2019.08.19"]
[EventType "swiss"]
[EventCountry "SWE"]
[SourceTitle "playchess.com"]
[Source "ChessBase"]
[SourceQuality "1"]
[TimeControl "2700+10"]

1. e4 d5 2. exd5 Nf6 3. d4 Bg4 4. f3 Bf5 5. Bd3 Bxd3 6. Qxd3 Qxd5 7. Nc3 Qd7 8. Nge2 e6 9. Bf4 Be7 10. O-O Nc6 11. Rad1 O-O 12. Rfe1 Nb4 13. Qd2 Rad8 14. a3 Nbd5 15. Nxd5 Nxd5 16. Bg3 c5 17. c3 Qc6 1/2-1/2

[Event "Lidkoping Open 2019"]
[Site "Lidkoping"]
[Date "2019.08.24"]
[Round "3.9"]
[White "Olsson, Bo"]
[Black "Nordlund, Jim"]
[Result "1/2-1/2"]
[ECO "A55"]
[WhiteElo "1984"]
[BlackElo "2130"]
[Annotator "NA"]
[PlyCount "67"]
[EventDate "2019.08.19"]
[EventType "swiss"]
[EventCountry "SWE"]
[SourceTitle "playchess.com"]
[Source "ChessBase"]
[SourceQuality "1"]
[TimeControl "2700+10"]

1. Nf3 d6 2. d4 Nf6 3. c4 Nbd7 4. g3 e5 5. Nc3 Be7 6. Bg2 O-O 7. O-O Re8 8. Qc2 c6 9. h3 Bf8 10. e4 Qc7 11. Be3 a6 12. a4 a5 13. Rfd1 g6 14. Rac1 exd4 15. Nxd4 Nc5 16. Rd2 Be6 17. Nxe6 Rxe6 18. Rcd1 Nfd7 19. f4 Rae8 20. Bf2 h5 21. h4 Nf6 22. Bxc5 dxc5 23. e5 Ng4 24. Rd7 Qb6 25. R1d3 f5 26. Bf3 Nh6 27. b3 R6e7 28. Rxe7 Bxe7 29. Ne2 Rd8 30. Qd2 Rxd3 31. Qxd3 Qd8 32. Qxd8+ Bxd8 33. Kf2 Kf7 34. Ke3 1/2-1/2